 Dungeon Crawl Stone Soup version 0.30-a0-250-g41c1d76940 (webtiles) character file.

Game seed: 15198567493610122588

83 purpskrrrp the Grave Robber (level 4, -2/30 HPs)
             Began as a Mummy Necromancer on Oct 13, 2022.
             Was a Believer of Fedhas.
             Slain by a goblin
             ... wielding a +0 club
             ... led by Robin
              (3 damage)
             ... on level 3 of the Dungeon.
             The game lasted 00:03:10 (2049 turns).

purpskrrrp the Grave Robber (Mummy Necromancer)     Turns: 2049, Time: 00:03:11

Health: -2/30      AC:  3    Str: 11    XL:     4   Next: 22%
Magic:  9/9        EV: 12    Int: 16    God:    Fedhas [**....]
Gold:   138        SH:  0    Dex: 12    Spells: 9/10 levels left

rFire   x . .      SeeInvis .    m - +3 trident (flame)
rCold   + . .      Faith    +    (no shield)
rNeg    + + +      Spirit   .    a - +0 robe
rPois   ∞          Reflect  .    (no helmet)
rElec   .          Harm     .    (no cloak)
rCorr   .          Rampage  .    i - +0 pair of gloves
Will    .....                    (no boots)
Stlth   ++........               (no amulet)
HPRegen 0.25/turn                (no ring)
MPRegen 0.11/turn                (no ring)

@: no status effects
A: cold resistance 1, negative energy resistance 3, torment resistance 2, heat
vulnerability 1, in touch with death 1, no potions, faith
a: Renounce Religion, Wall of Briars


You were on level 3 of the Dungeon.
You worshipped Fedhas.
Fedhas was pleased with you.
You visited 1 branch of the dungeon, and saw 3 of its levels.

You collected 138 gold pieces.

Inventory:

Hand Weapons
 h - a +0 whip of freezing
 m - a +3 trident of flaming (weapon)
Armour
 a - a +0 robe (worn)
 i - a +0 pair of gloves (worn)
Jewellery
 k - a ring of willpower
Wands
 l - a wand of flame (22)
Scrolls
 c - a scroll of noise {unknown}
 d - a scroll of blinking {unknown}
 e - a scroll of torment {unknown}
 f - a scroll of identify
 g - a scroll of teleportation {unknown}
 j - a scroll of silence {unknown}


   Skills:
 + Level 2.2 Dodging
 - Level 2.1 Stealth
 + Level 3.6 Spellcasting
 * Level 4.7 Necromancy


You had 9 spell levels left.
You knew the following spells:

 Your Spells              Type           Power      Damage    Failure   Level
a - Necrotise             Necr           100%       1d9       2%          1

Your spell library contained the following spells:

 Spells                   Type           Power      Damage    Failure   Level
 Vampiric Draining        Necr           26%        2d7       8%          3
 Blink                    Tloc           4%         N/A       26%         2
 Momentum Strike          Conj/Tloc      4%         3d8       26%         2
 Animate Dead             Necr           26%        N/A       26%         4
 Lesser Beckoning         Tloc           4%         N/A       47%         3
 Agony                    Necr           26%        N/A       56%         5


Dungeon Overview and Level Annotations

Branches:
Dungeon (3/15)

Altars:
Fedhas

Annotations:
D:3 Robin


Innate Abilities, Weirdness & Mutations

You are immune to poison.
Your flesh is cold resistant. (rC+)
You are immune to negative energy. (rN+++)
You are immune to unholy pain and torment.
You are vulnerable to heat. (rF-)
You are in touch with the powers of death.
You do not drink.
You have a special connection with the divine. (Faith)


Message History

You are too injured to fight recklessly!
You are too injured to fight recklessly!
You are too injured to fight recklessly!
You are too injured to fight recklessly!
You are too injured to fight recklessly!
You are too injured to fight recklessly!
You are too injured to fight recklessly!
You are too injured to fight recklessly!
You are too injured to fight recklessly!
You are too injured to fight recklessly!
You are too injured to fight recklessly!
You are too injured to fight recklessly!
You are too injured to fight recklessly!
You are too injured to fight recklessly!
You are too injured to fight recklessly!
You are too injured to fight recklessly!
You are too injured to fight recklessly!
You hit the goblin. You burn the goblin.
You kill the goblin!
Fedhas appreciates your contribution to the ecosystem.
The goblin barely misses you.
You see here a +0 dagger.
The goblin attacks as you move away! The goblin completely misses you.
Robin throws the goblin at you!
You barely miss the goblin. The goblin hits you with a +0 club.
* * * LOW HITPOINT WARNING * * *
The goblin hits you with a +0 club.
* * * LOW HITPOINT WARNING * * *
You closely miss the goblin.
The goblin no longer looks unusually strong. x3
The goblin hits you but does no damage.
Robin roars a battlecry!
The goblins go into a battle-frenzy!
The goblin hits you with a +0 club.
* * * LOW HITPOINT WARNING * * *
The goblin hits you with a +0 club.
* * * LOW HITPOINT WARNING * * *
The goblin hits you with a +0 club.
You die...
Fedhas appreciates your contribution to the ecosystem.

### ###########
#.###.........#
#...'.........#
#.###.........#
#.............#
#.#############
##### #.#
.....g######.#
#######
.....wggg@g.>#
#.....#
.....g######.#
#.###.## .....
#†# #.# #...
.... #.######.#
###. ###
#........# #.
#.######## #.
#.# ####### #.#
#...... ### #.#
#.#####


You could see Robin, a dart slug, a hobgoblin (strong) and 4 goblins.

Vanquished Creatures
  3 adders (D:3)
  An ufetubus (D:3)
  4 dart slugs
  4 bats
  3 endoplasms
  3 giant cockroaches
  8 goblins
  3 hobgoblins
  4 kobolds
  5 ball pythons
  A frilled lizard (D:2)
  4 rats
43 creatures vanquished.

Vanquished Creatures (others)
  A plant (D:3)
1 creature vanquished.

Grand Total: 44 creatures vanquished

Notes
Turn   | Place    | Note
-------+----------+-------------------------------------------
     0 | D:1      | purpskrrrp the Mummy Necromancer began the quest for the
                  | Orb.
     0 | D:1      | Reached XP level 1. HP: 13/13 MP: 4/4
    70 | D:1      | Noticed an eye of devastation
    94 | D:1      | Found a faded altar of an unknown god.
    96 | D:1      | Noticed a golden eye
    96 | D:1      | Noticed an eye of devastation
    96 | D:1      | Noticed an eye of devastation
   206 | D:1      | Reached XP level 2. HP: 19/19 MP: 3/5
  1060 | D:1      | Prayed at the altar of an unknown god.
  1060 | D:1      | Became a worshipper of Fedhas Madash
  1060 | D:1      | Reached * piety under Fedhas
  1545 | D:3      | Gained mutation: You are in touch with the powers of death.
                  | [Mummy growth]
  1545 | D:3      | Reached XP level 3. HP: 24/24 MP: 5/7
  1997 | D:3      | Reached ** piety under Fedhas
  2030 | D:3      | Noticed Robin
  2034 | D:3      | Reached XP level 4. HP: 30/30 MP: 9/9
  2049 | D:3      | HP: 1/30 [goblin/+0 club[Robin] (1)]
  2049 | D:3      | Slain by a goblin

Illustrated notes

Levels and vault maps discovered:
D:1:      lightli_arrival_lavapool, layout_loops_cross,
          hellmonk_ecumenical_altar_watching_god,
          chequers_serial_rivers_micro_d, nicolae_figureground_sparkle
D:2:      layout_rooms
D:3:      wad_crossroads, layout_basic, serial_bayou_pond_e,
          lexackson_kobold_supper, uniq_terence, uniq_robin

Skill      XL: |  1  2 |
---------------+-------+-----
Spellcasting   | 3 |  3.6
Stealth        | 2 |  2.1
Dodging        | 2 |  2.2
Necromancy     | |  4.7

Action                   |  1- 3 |  4- 6 || total
-------------------------+-------+-------++-------
Melee: Trident           |    16 |    14 ||    30
 Cast: Necrotise         |    51 |       ||    51
  Use: Scroll            |     2 |       ||     2
 Stab: Sleeping          |     1 |       ||     1
Armor: Robe              |     4 |     8 ||    12
Dodge: Dodged            |    12 |    12 ||    24

Table legend: (Time is in decaauts)
 A = Elapsed time spent in this place.
 B = Non-inter-level travel time spent in this place.
 C = Inter-level travel time spent in this place.
 D = Time resting spent in this place.
 E = Time spent auto-exploring this place.
 F = Levels seen in this place.
 G = Mean time per level.
                   A        B        C        D        E       F      G
               +--------+--------+--------+--------+--------+-----+--------+
         Total |   2056 |   1964 |     92 |      0 |   1717 |   3 |  685.3 |
       Dungeon |   2056 |   1964 |     92 |      0 |   1717 |   3 |  685.3 |
               +--------+--------+--------+--------+--------+-----+--------+

Top non-repeatable levels by time:
     D:1: 1078 daAuts
     D:3: 523 daAuts
     D:2: 454 daAuts
